 Dungeon Crawl Stone Soup version 0.30-a0-12-gd8047c6341 (webtiles) character file.

Game seed: 4624931122925171172

1287 drpainis the Chucker (level 8, -1/61 HPs)
             Began as a Gnoll Wanderer on Aug 23, 2022.
             Was a Follower of Nemelex Xobeh.
             Slain by a killer bee (3 damage)
             ... on level 7 of the Dungeon.
             The game lasted 00:09:33 (4586 turns).

drpainis the Chucker (Gnoll Wanderer)               Turns: 4586, Time: 00:09:34

Health: -1/61      AC: 11    Str: 21 (23) XL:     8   Next: 55%
Magic:  4/4        EV:  8    Int:  9 (12) God:    Nemelex Xobeh [*.....]
Gold:   269        SH:  0    Dex:  7 (10) Spells: 15/16 levels left

rFire   . . .      SeeInvis .    x - +4 spear of Breach {antimagic, Str+4 Dex-2}
rCold   + . .      Faith    .    (no shield)
rNeg    + . .      Spirit   .    A - +1 chain mail of the Blue Skies {rPois rC+ rN+ Stlth+}
rPois   +          Reflect  .    (no helmet)
rElec   .          Harm     .    (no cloak)
rCorr   .          Rampage  .    s - +0 pair of gloves
Will    .....                    (no boots)
Stlth   ..........               k - amulet of regeneration
HPRegen 1.00/turn                p - +6 ring of strength
MPRegen 0.09/turn                (no ring)

@: brilliant, lethally poisoned (-1 -> -3), flying
A: fangs 1, strong nose, distributed training
a: Renounce Religion, Draw Escape, Draw Destruction, Draw Summoning


You were on level 7 of the Dungeon.
You worshipped Nemelex Xobeh.
Nemelex Xobeh was aware of your devotion.
You visited 1 branch of the dungeon, and saw 7 of its levels.

You collected 269 gold pieces.

Inventory:

Hand Weapons
 a - a +0 mace
 c - a +0 dagger
 l - a +2 spear of venom
 v - a +1 hand axe of pain
 x - the +4 spear of Breach (weapon) {antimagic, Str+4 Dex-2}
   (You found it on level 4 of the Dungeon)

   It reduces the magical energy of the wielder, and disrupts the spells and
   magical abilities of those it strikes.
   Natural abilities and divine invocations are not affected.
   Str:       It affects your strength (+4).
   Dex:       It affects your dexterity (-2).
 C - a +2 vorpal war axe
Missiles
 b - 20 poisoned darts (quivered)
 y - a curare-tipped dart
Armour
 e - a +0 robe
 i - a +0 ring mail
 m - a +0 plate armour
 s - a +0 pair of gloves (worn)
 A - the +1 chain mail of the Blue Skies (worn) {rPois rC+ rN+ Stlth+}
   (You found it on level 5 of the Dungeon)

   rC:        It protects you from cold.
   rPois:     It protects you from poison.
   rN:        It protects you from negative energy.
   Stlth:     It makes you more stealthy.
Jewellery
 k - an amulet of regeneration (around neck)
 p - a +6 ring of strength (left hand)
 D - an amulet of the acrobat
Wands
 B - a wand of iceblast (6)
Scrolls
 d - a scroll of amnesia {unknown}
 f - 4 scrolls of teleportation {unknown}
 h - a scroll of fear {unknown}
 j - 2 scrolls of immolation {unknown}
 n - 2 scrolls of enchant weapon {unknown}
 o - 5 scrolls of identify {unknown}
 q - 3 scrolls of silence {unknown}
 t - 2 scrolls of blinking {unknown}
 u - a scroll of vulnerability {unknown}
Potions
 g - 2 potions of lignification
 r - a potion of brilliance


   Skills:
 + Level 4.4 Fighting
 + Level 3.5 Short Blades
 + Level 3.5 Long Blades
 + Level 3.5 Axes
 + Level 4.4 Maces & Flails
 + Level 3.5 Polearms
 + Level 3.5 Staves
 + Level 3.5 Ranged Weapons
 + Level 7.5 Throwing
 + Level 3.5 Armour
 + Level 3.5 Dodging
 + Level 3.5 Stealth
 + Level 3.5 Shields
 + Level 3.5 Unarmed Combat
 + Level 4.5 Spellcasting
 + Level 2.9 Conjurations
 + Level 2.9 Hexes
 + Level 2.9 Summonings
 + Level 2.9 Necromancy
 + Level 6.2 Translocations
 + Level 2.9 Transmutations
 + Level 2.9 Fire Magic
 + Level 2.9 Ice Magic
 + Level 2.9 Air Magic
 + Level 2.9 Earth Magic
 + Level 2.9 Poison Magic
 + Level 4.7 Invocations
 + Level 3.5 Evocations


You had 15 spell levels left.
You knew the following spells:

 Your Spells              Type           Power      Damage    Failure   Level
a - Apportation           Tloc           38%        N/A       19%         1

Your spell library contained the following spells:

 Spells                   Type           Power      Damage    Failure   Level
 Blink                    Tloc           38%        N/A       28%         2
 Lesser Beckoning         Tloc           19%        N/A       50%         3
 Confusing Touch          Hex            10%        N/A       91%         3
 Stone Arrow              Conj/Erth      20%        3d8       91%         3
 Animate Armour           Summ/Erth      20%        N/A       100%        4
 Yara's Violent Unravell  Hex/Tmut       5%         3d4       100%        5
 Enfeeble                 Hex            5%         N/A       100%        7
 Lehudib's Crystal Spear  Conj/Erth      5%         10d3      100%        8


Dungeon Overview and Level Annotations

Branches:
Dungeon (7/15)             Temple (0/1) D:4

Altars:
Elyvilon
Gozag
Kikubaaqudgha
Nemelex Xobeh
Yredelemnul
The Shining One


Innate Abilities, Weirdness & Mutations

You have very sharp teeth.
Your uncanny sense of smell can sniff out nearby items.
Your experience applies equally to all skills.


Message History

The killer bee poisons you! The killer bee completely misses you.
You hit the killer bee.
The killer bee is moderately wounded.
You feel very sick.
The killer bee closely misses you. x2; The hound bites you but does no damage.
The killer bee barely misses you.
The killer bee stings you but does no damage.
The hound bites you but does no damage.
It was a potion of brilliance.
You feel clever all of a sudden.
You feel sick.
The killer bee stings you but does no damage. x2
The hound bites you.
* * * LOW HITPOINT WARNING * * *
The killer bee closely misses you. The killer bee stings you.
* * * LOW HITPOINT WARNING * * *
You are more poisoned.
The killer bee poisons you!
It was a potion of flight.
You feel very buoyant.
You fly up into the air.
You feel very sick. The killer bee barely misses you.
The killer bee stings you but does no damage.
The hound barely misses you.
An orc comes into view. It is wielding a +0 hand axe.
The killer bee misses you.
The killer bee stings you but does no damage.
The hound bites you but does no damage.
It was a potion of degeneration.
There was something very wrong with that liquid.
You feel weakened.
You feel dopey.
You feel clumsy.
You feel sick.
The orc shouts!
You hear a shout!
The killer bee stings you.
* * * LOW HITPOINT WARNING * * *
The killer bee stings you but does no damage.
The hound bites you but does no damage. The killer bee stings you.
You die...
Your body glows slightly and disappears.

..... .....
..#.##.#.# ≈#
......#.##≈#.
#........~..
#........~.. ..
###........~.. ...
#.....<<..# ∆
~≈≈.....##......#
≈...#####..y@...#
≈..........yh...#
............#.......
.##....)....#.......
##...........##o..
#.......#.........
..........#....### .
..........#....#
..........!....#


You could see a hound, 2 killer bees and an orc.

Vanquished Creatures
  2 black bears
  A centaur (D:7)
  A phantom (D:6)
  3 kobold brigands
  A necrophage (D:6)
  A scorpion (D:5)
  A killer bee (D:7)
  4 hounds
  4 jellies
  Terence (D:2)
  2 iguanas
  4 gnolls (D:5)
  6 adders
  An ufetubus (D:4)
  5 worms
  6 orcs
  7 endoplasms
  10 goblins
  6 hobgoblins
  2 jackals (D:2)
  4 quokkas
  5 bats
  5 frilled lizards
  14 kobolds
  A rat (D:3)
97 creatures vanquished.

Vanquished Creatures (others)
  A sky beast (D:6)
  21 fungi
  10 toadstools (D:5)
32 creatures vanquished.

Grand Total: 129 creatures vanquished

Notes
Turn   | Place    | Note
-------+----------+-------------------------------------------
     0 | D:1      | drpainis the Gnoll Wanderer began the quest for the Orb.
     0 | D:1      | drpainis set off with the following items: a +0 mace, 8
                  | poisoned darts, a +0 dagger, a potion of curing, a +0 robe;
                  | and the following spell memorised: Apportation; and the
                  | following spells available to memorise: Blink, Lesser
                  | Beckoning.
     0 | D:1      | Reached XP level 1. HP: 17/17 MP: 4/4
   475 | D:1      | Reached XP level 2. HP: 23/23 MP: 5/5
  1536 | D:2      | Noticed Terence
  1545 | D:2      | Killed Terence
  1546 | D:2      | Reached skill level 1 in Short Blades
  1546 | D:2      | Reached skill level 1 in Long Blades
  1546 | D:2      | Reached skill level 1 in Axes
  1546 | D:2      | Reached skill level 1 in Polearms
  1546 | D:2      | Reached skill level 1 in Staves
  1546 | D:2      | Reached skill level 1 in Ranged Weapons
  1546 | D:2      | Reached skill level 1 in Armour
  1546 | D:2      | Reached skill level 1 in Dodging
  1546 | D:2      | Reached skill level 1 in Stealth
  1546 | D:2      | Reached skill level 1 in Shields
  1546 | D:2      | Reached skill level 1 in Unarmed Combat
  1546 | D:2      | Reached skill level 1 in Evocations
  1546 | D:2      | Reached XP level 3. HP: 28/28 MP: 7/7
  1643 | D:2      | Found an ancient bone altar of Kikubaaqudgha.
  1795 | D:2      | Reached XP level 4. HP: 16/34 MP: 8/8
  1811 | D:2      | Reached skill level 1 in Conjurations
  1811 | D:2      | Reached skill level 1 in Hexes
  1811 | D:2      | Reached skill level 1 in Summonings
  1811 | D:2      | Reached skill level 1 in Necromancy
  1811 | D:2      | Reached skill level 1 in Transmutations
  1811 | D:2      | Reached skill level 1 in Fire Magic
  1811 | D:2      | Reached skill level 1 in Ice Magic
  1811 | D:2      | Reached skill level 1 in Air Magic
  1811 | D:2      | Reached skill level 1 in Earth Magic
  1811 | D:2      | Reached skill level 1 in Poison Magic
  2339 | D:3      | Found a faded altar of an unknown god.
  2343 | D:3      | Found a white marble altar of Elyvilon.
  2467 | D:3      | Found a faded altar of an unknown god.
  2568 | D:3      | Found a basalt altar of Yredelemnul.
  2569 | D:3      | Found an opulent altar of Gozag.
  2569 | D:3      | Found a sparkling altar of Nemelex Xobeh.
  2569 | D:3      | Found a glowing golden altar of the Shining One.
  2584 | D:3      | Became a worshipper of Nemelex Xobeh the Trickster
  2981 | D:4      | Identified the +0 chain mail of Privacy {rF+ rCorr}
  3029 | D:4      | Reached XP level 5. HP: 41/41 MP: 9/9
  3126 | D:4      | Noticed a black bear
  3148 | D:4      | Killed a black bear
  3149 | D:4      | Reached XP level 6. HP: 40/47 MP: 9/11
  3262 | D:4      | Found a staircase to the Ecumenical Temple.
  3345 | D:4      | Identified the +4 spear of Breach {antimagic, Str+4 Dex-2}
  3560 | D:4      | Reached skill level 7 in Throwing
  3560 | D:4      | Reached XP level 7. HP: 51/52 MP: 4/12
  3772 | D:5      | Entered Level 5 of the Dungeon
  3788 | D:5      | Identified the +1 chain mail of the Blue Skies {rPois rC+
                  | rN+ Stlth+}
  4176 | D:5      | Noticed a slime creature
  4176 | D:5      | Noticed a slime creature
  4279 | D:6      | Reached XP level 8. HP: 35/60 MP: 4/14
  4282 | D:6      | Reached * piety under Nemelex Xobeh
  4517 | D:7      | Received a gift from Nemelex Xobeh
  4586 | D:7      | HP: 2/61 [killer bee (5)]
  4586 | D:7      | Slain by a killer bee

Illustrated notes

Levels and vault maps discovered:
D:1:      dpeg_arrival_castle, layout_loops_ring
D:2:      layout_basic, basic_altar, minmay_crystal_room,
          minmay_randomly_rotated_circles, uniq_terence
D:3:      layout_basic, grunt_temple_overflow_open,
          nicolae_overflow_ecumenical_swirl, shapermc_ecumenical_altar_venn
D:4:      layout_basic, minmay_temple_entry_tees
D:5:      cheibrodos_fertilizer, layout_cave_pods, nicolae_uskayaw_en_pointe
D:6:      old_forge, layout_loops_ring, kennysheep_mini_moat, st_stairs_2
D:7:      layout_basic, mainiacjoe_overflow_alcove_4, serial_rivers,
          chequers_serial_rivers_micro_a, chequers_serial_rivers_marsh,
          chequers_serial_rivers_small_b, chequers_serial_rivers_large_a,
          chequers_serial_rivers_room_b, chequers_serial_rivers_marsh,
          nicolae_ossuary_entry_ruins, grunt_ministairs_2,
          kennysheep_flooded_box

Skill      XL: |  1  2  3  4  5  6  7 |
---------------+----------------------+-----
Short Blades   | 1 2 3 |  3.5
Long Blades    | 1 2 3 |  3.5
Axes           | 1 2 3 |  3.5
Polearms       | 1 2 3 |  3.5
Staves         | 1 2 3 |  3.5
Ranged Weapons | 1 2 3 |  3.5
Armour         | 1 2 3 |  3.5
Dodging        | 1 2 3 |  3.5
Stealth        | 1 2 3 |  3.5
Shields        | 1 2 3 |  3.5
Unarmed Combat | 1 2 3 |  3.5
Evocations     | 1 2 3 |  3.5
Spellcasting   | 3 4 |  4.5
Conjurations   | 1 2 |  2.9
Hexes          | 1 2 |  2.9
Summonings     | 1 2 |  2.9
Necromancy     | 1 2 |  2.9
Transmutations | 1 2 |  2.9
Fire Magic     | 1 2 |  2.9
Ice Magic      | 1 2 |  2.9
Air Magic      | 1 2 |  2.9
Earth Magic    | 1 2 |  2.9
Poison Magic   | 1 2 |  2.9
Invocations    | 3 4 |  4.7
Fighting       | 3 4 |  4.4
Maces & Flails | 3 4 |  4.4
Throwing       | 7 |  7.5
Translocations | 6 |  6.2

Action                   |  1- 3 |  4- 6 |  7- 9 || total
-------------------------+-------+-------+-------++-------
Melee: Mace              |    42 |       |       ||    42
       Bite              |     3 |    14 |    25 ||    42
       Spear             |    23 |   158 |   227 ||   408
       Punch             |     1 |     4 |     2 ||     7
  Use: Potion            |       |     1 |     7 ||     8
Armor: Robe              |     3 |       |       ||     3
       Ring mail         |    10 |       |       ||    10
       Plate armour      |    22 |   134 |     9 ||   165
       Chain mail        |       |       |   167 ||   167
       Skin              |       |       |    16 ||    16
Dodge: Dodged            |    34 |    59 |   142 ||   235

Table legend: (Time is in decaauts)
 A = Elapsed time spent in this place.
 B = Non-inter-level travel time spent in this place.
 C = Inter-level travel time spent in this place.
 D = Time resting spent in this place.
 E = Time spent auto-exploring this place.
 F = Levels seen in this place.
 G = Mean time per level.
                   A        B        C        D        E       F      G
               +--------+--------+--------+--------+--------+-----+--------+
         Total |   4599 |   4362 |    237 |      0 |   3219 |   7 |  657.0 |
       Dungeon |   4599 |   4362 |    237 |      0 |   3219 |   7 |  657.0 |
               +--------+--------+--------+--------+--------+-----+--------+

Top non-repeatable levels by time:
     D:1: 1454 daAuts
     D:3: 890 daAuts
     D:4: 839 daAuts
     D:2: 611 daAuts
     D:5: 454 daAuts
     D:6: 269 daAuts
     D:7: 79 daAuts
